 Dungeon Crawl Stone Soup version 0.28.0-53-g5a82cb258f (webtiles) character file.

Game seed: 16032715721056879781

60 MiltankisOP the Ruffian (level 3, 36/36 HPs)
             Began as a Troll Monk on June 14, 2022.
             Was a Priest of Zin.
             Quit the game on level 1 of the Dungeon.
             The game lasted 00:01:41 (972 turns).

MiltankisOP the Ruffian (Troll Monk)                 Turns: 972, Time: 00:01:42

Health: 36/36      AC:  4    Str: 21    XL:     3   Next: 80%
Magic:  2/2        EV: 10    Int:  6    God:    Zin [***...]
Gold:   66         SH:  0    Dex: 12    Spells: 2/2 levels left

rFire   . . .      SeeInvis .     - Unarmed
rCold   . . .      Faith    .   (no shield)
rNeg    . . .      Spirit   .   a - +0 robe
rPois   .          Reflect  .   (helmet restricted)
rElec   .          Harm     .   (no cloak)
rCorr   .          Rampage  .   (gloves unavailable)
Will    .....                   (boots unavailable)
Stlth   ++........              (no amulet)
HPRegen 0.92/turn               (no ring)
MPRegen 0.08/turn               (no ring)

@: no status effects
A: large, unfitting armour, claws 3, regeneration 1, shaggy fur 1, tough skin 1
a: Renounce Religion, Recite, Vitalisation, Imprison, Donate Gold


You were on level 1 of the Dungeon.
You worshipped Zin.
Zin was most pleased with you.
You visited 1 branch of the dungeon, and saw 2 of its levels.

You collected 73 gold pieces.
You donated 7 gold pieces to Zin.

Inventory:

Armour
 a - a +0 robe (worn)
Jewellery
 j - a +6 ring of dexterity
Scrolls
 b - 3 scrolls of identify {unknown}
 c - a scroll of blinking {unknown}
 e - a scroll of enchant weapon {unknown}
 f - a scroll of fear {unknown}
 h - a scroll of magic mapping {unknown}
 k - a scroll of acquirement {unknown}
Potions
 d - a potion of flight {unknown}
 g - a potion of curing {unknown}
 i - a potion of cancellation {unknown}


   Skills:
 + Level 2.9 Fighting
 + Level 2.9 Dodging
 + Level 1.4 Stealth
 + Level 3.4 Unarmed Combat


You had 2 spell levels left.
You didn't know any spells.
Your spell library was empty.

Dungeon Overview and Level Annotations

Branches:
Dungeon (2/15)

Altars:
Zin


Innate Abilities, Weirdness & Mutations

You are too large for most types of armour.
You have claws for hands.
Your natural rate of healing is unusually fast.
You are covered in fur. (AC +1)
You have tough skin. (AC +1)


Message History

No target in view!
No target in view!
No target in view!
No target in view!
No target in view!
No target in view!
No target in view!
No target in view!
No target in view!
You see here a jackal corpse.
Things that are here:
a +0 short sword; a kobold skeleton
j - a +6 ring of dexterity No target in view!
A ball python comes into view.
The ball python hisses angrily.
You scratch the ball python.
The ball python is severely wounded.
The ball python bites you.
You scratch the ball python.
You kill the ball python!
No target in view!
No target in view!
No target in view!
No target in view!
No target in view!
No target in view!
No target in view!
No target in view!
HP restored.
Found a stone staircase leading down.
k - a scroll labelled ZEEMIACACU
There is a stone staircase leading down here.
There is a stone staircase leading down here.
Things that are here:
a stone; a +2 short sword of draining Done exploring.
Done exploring.
Okay, then.
Are you sure you want to abandon this character and quit the game? (Confirm with "yes".)

#.#####.........##....##
#............######.#.##
#######.#.#...........##
#.#.##.######..###
#.#.....# ##.# #
#.####..######.### #.#
#............ #.#
#.#######.### #@# #.###
#...# # #.#
#†..###.#.### #.#
###.......... #.#
#.###...### #.# ##.#
#...# # #.#
##..###...### #.#
#............ #.#
#............
#.####.#..........


There were no monsters in sight!

Vanquished Creatures
  3 adders (D:2)
  4 endoplasms (D:1)
  3 giant cockroaches
  3 hobgoblins
  3 jackals (D:1)
  4 kobolds
  2 ball pythons (D:1)
  4 bats (D:1)
  A frilled lizard (D:1)
  2 goblins (D:1)
  4 rats
33 creatures vanquished.

Notes
Turn   | Place    | Note
-------+----------+-------------------------------------------
     0 | D:1      | MiltankisOP the Troll Monk began the quest for the Orb.
     0 | D:1      | Reached XP level 1. HP: 22/22 MP: 0/0
   143 | D:1      | Reached XP level 2. HP: 29/29 MP: 1/1
   212 | D:1      | You fall into a shaft and drop 1 floor!
   308 | D:2      | Identified the +1 chain mail of Philately {Str+2}
   405 | D:2      | Reached XP level 3. HP: 36/36 MP: 2/2
   640 | D:1      | Noticed a shining eye
   642 | D:1      | Found a faded altar of an unknown god.
   645 | D:1      | Noticed a floating eye
   645 | D:1      | Noticed a shining eye
   645 | D:1      | Noticed a golden eye
   663 | D:1      | Prayed at the altar of an unknown god.
   663 | D:1      | Became a worshipper of Zin the Law-Giver
   663 | D:1      | Reached * piety under Zin
   663 | D:1      | Reached ** piety under Zin
   663 | D:1      | Reached *** piety under Zin
   972 | D:1      | Quit the game

Illustrated notes

Levels and vault maps discovered:
D:1:      eino_arrival_tree_alley, layout_loops_ring, serial_glass,
          glass_columns_c, glass_columns_a,
          hellmonk_ecumenical_altar_watching_god, minmay_misc_feat_cross
D:2:      layout_basic

Action                   || total
-------------------------++-------
Melee: Unarmed           ||    73
       Punch             ||     1
 Stab: Sleeping          ||     5
Armor: Robe              ||    18
Dodge: Dodged            ||    35
